 Dungeon Crawl Stone Soup version 0.21.0-3-g78d12a8 (webtiles) character file.

44 tidbits the Sneak (level 3, 0/24 HPs)
             Began as an Octopode Air Elementalist on Jan 9, 2018.
             Slain by a centaur zombie (3 damage)
             ... on level 3 of the Dungeon.
             The game lasted 00:04:58 (935 turns).

tidbits the Sneak (Octopode Air Elementalist)        Turns: 935, Time: 00:04:59

Health: 0/24       AC:  1    Str:  8    XL:     3   Next: 60%
Magic:  6/6        EV: 13    Int: 17    God:
Gold:   56         SH:  0    Dex: 12    Spells: 3/6 levels left

rFire    . . .     SeeInvis .   h - -2 mace (curse)
rCold    . . .     Gourm    .   (no shield)
rNeg     . . .     Faith    .   (helmet restricted)
rPois    .         Spirit   .   (no amulet)
rElec    .         Reflect  .   i - ring of loudness (curse)
rCorr    .         Harm     .   (no ring)
MR       .....                  (no ring)
Stlth    +++.......             (no ring)
HPRegen  0.08/turn              (no ring)
MPRegen  0.10/turn              (no ring)
                                (no ring)
                                (no ring)

@: no status effects
A: almost no armour, stealthy swim, amphibious, 8 rings, constrict 8, camouflage
1, gelatinous body 1
a: no special abilities


You were on level 3 of the Dungeon.
You were hungry.

You visited 1 branch of the dungeon, and saw 3 of its levels.

You collected 56 gold pieces.

Inventory:

Hand Weapons
 a - a +0 dagger
 e - a +0 whip
 g - a cursed -3 spear
 h - a cursed -2 mace (weapon)
Missiles
 d - 44 stones (quivered)
Jewellery
 i - a cursed ring of loudness (left tentacle)
   (You found it on level 1 of the Dungeon)
Potions
 f - 2 potions of lignification {unknown}
 j - a potion of berserk rage {unknown}
 k - a potion of heal wounds {unknown}
Books
 c - a book of Air

   Spells                             Type                      Level
   a - Shock                          Conjuration/Air              1
   b - Swiftness                      Charms/Air                   2
   c - Static Discharge               Conjuration/Air              3
   d - Airstrike                      Air                          4
   e - Lightning Bolt                 Conjuration/Air              5
Comestibles
 b - 2 rations


   Skills:
 + Level 2.0 Fighting
 - Level 2.0 Dodging
 + Level 4.3 Stealth
 - Level 0.1 Unarmed Combat
 - Level 2.0 Spellcasting
 - Level 1.0 Conjurations
 - Level 3.0 Air Magic


You had 3 spell levels left.
You knew the following spells:

 Your Spells              Type           Power        Failure   Level  Hunger
z - Shock                 Conj/Air       #...         9%          1    #......
W - Swiftness             Chrm/Air       #.......     16%         2    ###....


Dungeon Overview and Level Annotations

Branches:
Dungeon (3/15)

Altars:


Innate Abilities, Weirdness & Mutations

You cannot wear most types of armour.
You are very stealthy in the water. (Stealth+)
You are amphibious.
You can wear up to eight rings at the same time.
You can use your tentacles to constrict eight enemies at once.
Your skin changes colour to match your surroundings (Stealth+).
Your rubbery body absorbs attacks. (AC +1, EV +1)


Message History

Okay, then.
Unknown command.
Found a scroll labeled LEGIF JICHOTEA.
Found a stone staircase leading up.
l - a scroll labeled LEGIF JICHOTEA
As you read the scroll labeled LEGIF JICHOTEA, it crumbles to dust.
You feel strangely unstable.
It was a scroll of teleportation.
A jackal comes into view.
The jackal moves out of view.
Your surroundings suddenly seem different.
Found a leather armour and a ration.
A giant cockroach comes into view.
Found 8 gold pieces. 3 jackals come into view.
Found a stone staircase leading down.
You see here a ration.
b - 2 rations (gained 1)
The jackal barks!
The jackal barely misses you.
You hit the jackal but do no damage. Your grab misses the jackal.
Your squeeze misses the jackal. The jackal barely misses you.
The jackal bites you.
* * * LOW HITPOINT WARNING * * *
You hit the jackal but do no damage. Your grab misses the jackal.
The jackal barely misses you. The jackal misses you.
You barely miss the jackal.
The jackal barks!
Your grab misses the jackal.
You hear a bark!
The jackal bites you.
* * * LOW HITPOINT WARNING * * *
You hear a bark!
You closely miss the jackal. Your grab misses the jackal.
The jackal closely misses you.
You barely miss the jackal. Your grab misses the jackal.
Your squeeze misses the jackal. The jackal closely misses you.
You hit the jackal. Your grab misses the jackal. You squeeze the jackal.
You kill the jackal!
Your Fighting skill increases to level 2!
The jackal misses you.
You hit the jackal.
You kill the jackal!
A jackal comes into view.
You are too injured to fight recklessly!
You are too injured to fight recklessly!
You are too injured to fight recklessly!
You are too injured to fight recklessly!
The jackal barks!
You hit the jackal but do no damage. You grab the jackal.
You constrict the jackal. The jackal closely misses you. x2
You hit the jackal but do no damage.
The jackal is lightly wounded.
You constrict the jackal.
The jackal bites you but does no damage.
The jackal bites you.
* * * LOW HITPOINT WARNING * * *
You hit the jackal but do no damage.
The jackal is heavily wounded.
You constrict the jackal. The jackal barely misses you.
The jackal closely misses you.
You hit the jackal.
You kill the jackal!
The jackal misses you.
You hit the jackal. Your grab misses the jackal.
The jackal is moderately wounded.
The jackal barely misses you. The jackal closely misses you.
You barely miss the jackal. You grab the jackal.
The jackal is moderately wounded.
You constrict the jackal, but do no damage.
The jackal closely misses you. x2
You barely miss the jackal.
The jackal is moderately wounded.
You constrict the jackal. The jackal barely misses you. The jackal bites you.
* * * LOW HITPOINT WARNING * * *
You hit the jackal but do no damage. You squeeze the jackal.
You kill the jackal!
You see here a jackal corpse.
You see here a jackal corpse.
Found a spear.
Found a mace.
You see here a mace.
There is a stone staircase leading down here.
You climb downwards.
There is a stone staircase leading up here.
Unknown command.
Found 12 stones.
A centaur zombie comes into view.
The helpless centaur zombie fails to defend itself.
You hit the centaur zombie. You squeeze the centaur zombie.
The centaur zombie is moderately damaged.
The centaur zombie hits you.
* * * LOW HITPOINT WARNING * * *
The centaur zombie closely misses you.
You hit the centaur zombie. You squeeze the centaur zombie.
The centaur zombie is heavily damaged.
The centaur zombie barely misses you. The centaur zombie hits you.
* * * LOW HITPOINT WARNING * * *
You hit the centaur zombie.
The centaur zombie is severely damaged.
The centaur zombie hits you.
You die...

###### #.<..#
#.#### ####
#.####.########.(.#
#...............#
######.#####...##
#.# #..##
#.#####..#
#.......@#
########Z# #.# #.#
#.# #.# ... #..


You could see a centaur zombie.

Vanquished Creatures
  2 oozes
  A worm (D:2)
  4 bats (D:1)
  A giant cockroach (D:1)
  2 goblins (D:1)
  5 hobgoblins (D:1)
  4 jackals (D:2)
  3 frilled lizards (D:2)
  4 kobolds (D:1)
  4 rats
30 creatures vanquished.

Notes
Turn   | Place    | Note
-------+----------+-------------------------------------------
     0 | D:1      | tidbits the Octopode Air Elementalist began the quest for the Orb.
     0 | D:1      | Reached XP level 1. HP: 11/11 MP: 3/3
    80 | D:1      | Reached skill level 3 in Stealth
   160 | D:1      | Reached skill level 1 in Fighting
   160 | D:1      | Reached XP level 2. HP: 9/18 MP: 5/5
   164 | D:1      | Learned a level 2 spell: Swiftness
   501 | D:1      | Reached XP level 3. HP: 23/23 MP: 6/6
   605 | D:1      | Reached skill level 4 in Stealth
   875 | D:2      | Reached skill level 2 in Fighting
   934 | D:3      | HP: 2/24 [centaur zombie (2)]
   935 | D:3      | Slain by a centaur zombie

Skill      XL: |  1  2  3 |
---------------+----------+-----
Stealth        | 3 4 |  4.3
Fighting       | 1 2 |  2.0
Dodging        | |  2.0
Unarmed Combat | |  0.1
Spellcasting   | |  2.0
Conjurations   | |  1.0
Air Magic      | |  3.0

Action                   || total
-------------------------++-------
Melee: Dagger            ||    57
       Whip              ||     5
       Constrict         ||    16
       Tentacles         ||    12
       Unarmed           ||     3
       Punch             ||     1
       Mace              ||    24
  Use: Scroll            ||     1
 Stab: Sleeping          ||    12
Armor: Skin              ||     9
Dodge: Dodged            ||    54

Table legend:
 A = Turns spent in this place as a percentage of turns spent in the entire game.
 B = Non-inter-level travel turns spent in this place as a percentage of non-inter-level travel turns spent in the entire game.
 C = Inter-level travel turns spent in this place as a percentage of turns spent in this place.
 D = Turns resting spent in this place as a percentage of non-inter-level travel turns spent in this place.
 E = Turns spent auto-exploring this place as a percentage of non-inter-level travel turns spent in this place.
 F = Non-inter-level travel turns spent in this place divided by the number of levels of this place that you've seen.
                   A       B       C       D       E      F
               +-------+-------+-------+-------+-------+----------------------
         Total | 100.0 | 100.0 |   4.7 |   0.0 |   0.8 | 297.0
       Dungeon | 100.0 | 100.0 |   4.7 |   0.0 |   0.8 | 297.0
               +-------+-------+-------+-------+-------+----------------------

Table legend:
 A = Kills in this place as a percentage of kills in entire the game.
 B = Kills by you in this place as a percentage of kills by you in the entire game.
 C = Kills by friends in this place as a percentage of kills by friends in the entire game.
 D = Other kills in this place as a percentage of other kills in the entire game.
 E = Experience gained in this place as a percentage of experience gained in the entire game.
 F = Experience gained in this place divided by the number of levels of this place that you have seen.
                   A       B       C       D       E      F
               +-------+-------+-------+-------+-------+----------------------
         Total | 100.0 | 100.0 |   N/A |   N/A | 100.0 |  21.0
       Dungeon | 100.0 | 100.0 |   N/A |   N/A | 100.0 |  21.0
               +-------+-------+-------+-------+-------+----------------------

Vault maps used:
D:1:      dpeg_arrival_round_c
D:2:      minmay_close_crescents
D:3:      nicolae_qazlal_eye_of_the_storm, trog_book, uniq_terence
